 Dungeon Crawl Stone Soup version 0.26.0-18-gc5c842f807 (webtiles) character file.

Game seed: 1549146335957737171

101 Phong the Digger (level 4, 0/27 HPs)
             Began as an Octopode Earth Elementalist on Jan 23, 2021.
             Slain by Grinder (3 damage)
             ... on level 4 of the Dungeon.
             The game lasted 00:05:35 (3183 turns).

Phong the Digger (Octopode Earth Elementalist)      Turns: 3183, Time: 00:05:36

Health: 0/27       AC:  1    Str:  7    XL:     4   Next: 75%
Magic:  3/8        EV: 17    Int: 18    God:
Gold:   146        SH:  0    Dex: 12    Spells: 2/8 levels left

rFire    . . .     SeeInvis .   f - +0 short sword
rCold    . . .     Faith    .   (no shield)
rNeg     + . .     Spirit   .   (helmet restricted)
rPois    .         Reflect  .   (no amulet)
rElec    .         Harm     .   s - +4 ring of evasion
rCorr    .         Rampage  .   u - ring of positive energy
Will     .....                  (no ring)
Stlth    +++.......             (no ring)
HPRegen  0.09/turn              (no ring)
MPRegen  0.11/turn              (no ring)
                                (no ring)
                                (no ring)

@: no status effects
A: almost no armour, stealthy swim, amphibious, 8 rings, constrict 8, camouflage
1, gelatinous body 1
a: no special abilities


You were on level 4 of the Dungeon.
You visited 1 branch of the dungeon, and saw 4 of its levels.

You collected 146 gold pieces.

Inventory:

Hand Weapons
 f - a +0 short sword (weapon)
 g - a +0 dagger
 m - a +0 falchion
 v - a +0 falchion of holy wrath
Missiles
 a - 7 boomerangs of dispersal
 b - 77 stones
 o - 4 atropa-tipped darts
 r - 6 poisoned darts
Jewellery
 q - an uncursed amulet of faith {unknown}
 s - a +4 ring of evasion (left tentacle)
 u - a ring of positive energy (right tentacle)
Scrolls
 h - a scroll of enchant armour {unknown}
 j - 2 scrolls of remove curse
 n - a scroll of blinking {unknown}
Potions
 c - 2 potions of ambrosia {unknown}
 d - 4 potions of curing
 e - a potion of mutation {unknown}
 i - a potion of resistance {unknown}
 k - 3 potions of flight
 l - 2 potions of invisibility {unknown}
 p - 2 potions of cancellation {unknown}
 t - a potion of berserk rage {unknown}


   Skills:
 + Level 1.6 Short Blades
 - Level 2.0 Dodging
 - Level 3.0 Stealth
 + Level 2.7 Spellcasting
 + Level 1.0 Conjurations
 - Level 1.0 Transmutations
 + Level 4.1 Earth Magic


You had 2 spell levels left.
You knew the following spells:

 Your Spells              Type           Power        Failure   Level
a - Sandblast             Erth           34%          3%          1
b - Passwall              Tmut/Erth      9%           9%          2
c - Stone Arrow           Conj/Erth      22%          17%         3

Your spell library contained the following spells:

 Spells                   Type           Power        Failure   Level
 Petrify                  Tmut/Erth      11%          50%         4
 Lee's Rapid Deconstruct  Erth           8%           63%         5


Dungeon Overview and Level Annotations

Branches:
Dungeon (4/15)
 Temple: D:4-7

Altars:
Cheibriados
The Shining One

Annotations:
D:4 Eustachio, Grinder


Innate Abilities, Weirdness & Mutations

You cannot wear most types of armour.
You are very stealthy in the water. (Stealth+)
You are amphibious.
You can wear up to eight rings at the same time.
You can use your tentacles to constrict eight enemies at once.
Your skin changes colour to match your surroundings (Stealth+).
Your rubbery body absorbs attacks. (AC +1, EV +1)


Message History

Unknown command.
Casting: Stone Arrow (quite dangerous; 17% risk of failure)
Confirm with . or Enter, or press ? or * to list all spells.
Okay, then.
Unknown command.
Press: ? - help, v - describe, . - travel
Here: Grinder (heavily wounded, constricted by you)
The floor.
Unknown command.
Casting: Stone Arrow (quite dangerous; 17% risk of failure)
Confirm with . or Enter, or press ? or * to list all spells.
Aiming: Sandblast (safe; 3% risk of failure)
Press: ? - help, Shift-Dir - straight line, f/p - Grinder
Aim: Grinder (heavily wounded, constricted by you, 2% to evade)
The blast of sand hits Grinder.
Grinder is severely wounded.
You constrict Grinder. Grinder hits you!
* * * LOW HITPOINT WARNING * * *
You writhe in agony.
You die...

#...# .#..#
#...# #..#
#...# #..#
#...# #..#
#...# #..#
#...# #..#
..... #..#
#..#########
#...@5....?.
#.##########
... .....
......
......
.@....


You could see Grinder.

Vanquished Creatures
  4 adders
  2 oozes
  2 worms
  A dart slug (D:1)
  2 leopard geckos
  An orc (D:3)
  6 bats
  A giant cockroach (D:3)
  8 goblins
  3 hobgoblins
  6 jackals (D:3)
  A frilled lizard (D:2)
  3 kobolds
  3 rats
43 creatures vanquished.

Notes
Turn   | Place    | Note
-------+----------+-------------------------------------------
     0 | D:1      | Phong the Octopode Earth Elementalist began the quest for
                  | the Orb.
     0 | D:1      | Reached XP level 1. HP: 11/11 MP: 3/3
   276 | D:1      | Reached XP level 2. HP: 17/17 MP: 5/5
   377 | D:1      | Learned a level 2 spell: Passwall
  1289 | D:2      | Reached XP level 3. HP: 17/21 MP: 6/6
  1463 | D:2      | Reached skill level 1 in Short Blades
  1534 | D:2      | Learned a level 3 spell: Stone Arrow
  2044 | D:3      | Reached XP level 4. HP: 23/27 MP: 5/7
  2184 | D:3      | Reached skill level 4 in Earth Magic
  2437 | D:3      | Found a glowing golden altar of the Shining One.
  2890 | D:3      | Found a snail-covered altar of Cheibriados.
  3079 | D:4      | Reached skill level 1 in Conjurations
  3174 | D:4      | Noticed Eustachio
  3174 | D:4      | Noticed Grinder
  3183 | D:4      | Slain by Grinder

Illustrated notes

Levels and vault maps discovered:
D:1:      scummos_arrival_simple_crosswalls, layout_loops_ring
D:2:      layout_rooms
D:3:      layout_basic, lemuel_doored_altar, general_overflow_altar
D:4:      layout_basic, uniq_eustachio, uniq_grinder

Skill      XL: |  1  2  3  4 |
---------------+-------------+-----
Stealth        | 3 |  3.0
Short Blades   | 1 |  1.6
Earth Magic    | 4 |  4.1
Conjurations   | 1 |  1.0
Dodging        | |  2.0
Spellcasting   | |  2.7
Transmutations | |  1.0

Action                   |  1- 3 |  4- 6 || total
-------------------------+-------+-------++-------
Melee: Unarmed           |     6 |       ||     6
       Short sword       |    74 |    45 ||   119
       Constrict         |    19 |    10 ||    29
       Tentacles         |     8 |     3 ||    11
 Cast: Sandblast         |     5 |     5 ||    10
       Stone Arrow       |       |     1 ||     1
  Use: Scroll            |     3 |       ||     3
 Stab: Sleeping          |    10 |     2 ||    12
       Distracted        |     1 |       ||     1
Armor: Skin              |     6 |     3 ||     9
Dodge: Dodged            |    56 |    33 ||    89
